 Dungeon Crawl Stone Soup version 0.30-a0-596-g0af90f9a20 (webtiles) character file.

Game seed: 1695242755432003183

6959 sokol815 the Covert (level 11, 0/67 HPs)
             Began as an Octopode Fighter on Jan 7, 2023.
             Slain by a death yak (15 damage)
             ... on level 9 of the Dungeon.
             The game lasted 00:27:38 (10737 turns).

sokol815 the Covert (Octopode Fighter)             Turns: 10737, Time: 00:27:39

Health: 0/67       AC:  5    Str: 22    XL:     11   Next: 7%
Magic:  17/17      EV: 13    Int: 14    God:
Gold:   572        SH:  5    Dex: 12    Spells: 10/18 levels left

rFire   + . .      SeeInvis +    a - +3 short sword (freeze)
rCold   + . .      Faith    .    h - +1 buckler
rNeg    . . .      Spirit   .    (helmet restricted)
rPois   .          Reflect  .    F - amulet of regeneration
rElec   +          Harm     .    C - ring of protection from cold {rC+, !d}
rCorr   .          Rampage  .    V - ring of see invisible {sInv, !d}
Will    .....                    v - ring of Xetar {Contam rElec rC+ Str+6}
Stlth   ++++++                   A - +4 ring of protection
HPRegen 1.11/turn                f - ring of fire {rF+, rC-}
MPRegen 0.15/turn                (no ring)
                                 (no ring)
                                 (no ring)

@: mighty, about to teleport
A: almost no armour, amphibious, 8 rings, camouflage 1, gelatinous body 1,
(nimble swimmer 1), tentacles
a: no special abilities


You were on level 9 of the Dungeon.
You visited 2 branches of the dungeon, and saw 10 of its levels.
You also visited: Ossuary and Bailey.

You collected 1496 gold pieces.
You spent 924 gold pieces at shops.

Inventory:

Hand Weapons
 a - a +3 short sword of freezing (weapon)
   (You took it off a wight on level 6 of the Dungeon)
 b - a +1 dagger of holy wrath
   (You took it off a kobold on level 1 of the Dungeon)
 g - a +2 dagger of chaos
   (You took it off a goblin on level 1 of the Dungeon)
 i - a +1 vampiric dagger
   (You took it off an orc wizard on level 5 of the Dungeon)
 n - a +0 war axe
 t - a +1 trident of freezing
   (You took it off a wight on level 6 of the Dungeon)
 w - a +2 falchion of freezing
   (You found it on level 6 of the Dungeon)
 z - a +0 vampiric halberd
   (You took it off a vampire in a bailey)
 D - a +1 glaive of flaming
   (You took it off Maggie on level 7 of the Dungeon)
 O - a +2 flail of holy wrath
   (You found it in a bailey)
 R - a +1 mace of protection
   (You took it off an orc on level 9 of the Dungeon)
Missiles
 c - 2 throwing nets {!d}
 d - a boomerang
 k - a curare-tipped dart
 m - 5 poisoned darts
 s - 35 stones
 Q - 9 javelins
Armour
 h - a +1 buckler (worn)
 P - a +0 kite shield
   (You took it off a gnoll sergeant on level 5 of the Dungeon)
Jewellery
 f - a ring of fire (on tentacle) {rF+, rC-}
   (You found it on level 7 of the Dungeon)
 v - the ring of Xetar (on tentacle) {Contam rElec rC+ Str+6}
   (You acquired it on level 7 of the Dungeon)

   [ring of strength]

   Str:       It affects your strength (+6).
   rC:        It protects you from cold.
   rElec:     It insulates you from electricity.
   Contam:    It causes magical contamination when unequipped.
 A - a +4 ring of protection (on tentacle)
   (You bought it in a shop on level 7 of the Dungeon)
 C - a ring of protection from cold (left tentacle) {rC+, !d}
   (You found it on level 1 of the Dungeon)
 F - an amulet of regeneration (around mantle)
   (You bought it in a shop on level 7 of the Dungeon)
 V - a ring of see invisible (right tentacle) {sInv, !d}
   (You found it on level 5 of the Dungeon)
Wands
 j - a wand of polymorph (6)
   (You found it on level 8 of the Dungeon)
 p - a wand of paralysis (3)
   (You found it on level 6 of the Dungeon)
 q - a wand of flame (10)
   (You found it on level 6 of the Dungeon)
 y - a wand of mindburst (19)
   (You found it on level 5 of the Dungeon)
Scrolls
 l - 2 scrolls of poison {!r}
 o - a scroll of enchant armour
 E - a scroll of fear
 K - 2 scrolls of immolation {!r}
 Y - 5 scrolls of teleportation {@r3}
Potions
 e - a potion of attraction {unknown}
 r - a potion of resistance {unknown}
 u - 2 potions of mutation {unknown}
 x - a potion of lignification {unknown}
 B - 2 potions of brilliance
 G - 2 potions of heal wounds {unknown}
 H - 3 potions of haste
 I - a potion of invisibility
 J - 5 potions of curing {@q1}
 L - 3 potions of flight
 M - 6 potions of might
 N - 2 potions of magic {unknown}
 T - 2 potions of berserk rage {!q}


   Skills:
 - Level 3.0 Fighting
 + Level 7.8 Short Blades
 - Level 3.1 Axes
 - Level 3.0 Dodging
 * Level 11.5 Stealth
 - Level 3.0 Shields
 - Level 4.0 Spellcasting
 + Level 7.7 Conjurations
 + Level 7.7 Transmutations


You had 10 spell levels left.
You knew the following spells:

 Your Spells              Type           Power      Damage    Failure   Level
a - Irradiate             Conj/Tmut      12%        3d15      30%         5
x - Stone Arrow           Conj/Erth      26%        3d8       16%         3

Your spell library contained the following spells:

 Spells                   Type           Power      Damage    Failure   Level
 Kiss of Death            Conj/Necr      52%        2d9       5%          1
 Momentum Strike          Conj/Tloc      26%        3d8       8%          2
 Passwall                 Tmut/Erth      10%        N/A       8%          2
 Static Discharge         Conj/Air       26%        2-4/arc   8%          2
 Sandblast                Erth           4%         2d4       26%         1
 Slow                     Hex            8%         N/A       26%         1
 Ignite Poison            Fire/Tmut/Pois 15%        N/A       26%         3
 Blade Hands              Tmut           12%        N/A       30%         5
 Blink                    Tloc           4%         N/A       36%         2
 Ice Form                 Ice/Tmut       13%        N/A       45%         4
 Sticky Flame             Conj/Fire      20%        2d4       45%         4
 Confusing Touch          Hex            2%         N/A       58%         3
 Frozen Ramparts          Ice            4%         1d1       58%         3
 Gell's Gravitas          Tloc           2%         N/A       58%         3
 Lesser Beckoning         Tloc           4%         N/A       58%         3
 Teleport Other           Tloc           2%         N/A       58%         3
 Vampiric Draining        Necr           2%         2d6       58%         3
 Vhi's Electric Charge    Tloc/Air       4%         N/A       58%         3
 Arcjolt                  Conj/Air       6%         1d16      82%         5
 Lightning Bolt           Conj/Air       6%         1d18      82%         5
 Dispel Undead            Necr           2%         3d7       94%         4
 Summon Ice Beast         Ice/Summ       2%         N/A       94%         4
 Dragon Form              Tmut           12%        N/A       100%        7
 Ignition                 Fire           2%         3d3       100%        8


Dungeon Overview and Level Annotations

Branches:
Dungeon (9/15) Zot: 26757  Temple (1/1) D:4 Zot: 5794    Lair (0/5) D:9
Ossuary (visited)          Bailey (visited)
    Orc: D:9-12

Altars:
Ashenzari
Cheibriados
Dithmenos
Elyvilon
Fedhas
Hepliaklqana
Kikubaaqudgha
Makhleb
Nemelex Xobeh
Okawaru
Qazlal
Ru
Trog
Uskayaw
Vehumet
Wu Jian
Yredelemnul
Zin
The Shining One

Shops:
D:2 (   D:4 *   D:7 =   D:8 !

Annotations:
D:2 Terence
D:9 exclusions: acid dragon, shadow and water moccasin


Innate Abilities, Weirdness & Mutations

You cannot wear most types of armour.
You are amphibious.
You can wear up to eight rings at the same time.
Your skin changes colour to match your surroundings (Stealth+).
Your rubbery body absorbs attacks. (AC +1, EV +1)
((You are camouflaged when in or above water. (Stealth+)))
You have tentacles for arms and can constrict up to eight enemies at once.


Message History

You squeeze the death yak. You puncture the death yak!
Your squeeze misses the death yak. You block the wight's attack.
You puncture the wight!
The wight convulses!
Your grab misses the wight. You squeeze the wight.
You destroy the wight!
Your Stealth skill increases to level 11!
A gnoll comes into view. It is wielding a +0 club.
The wight closely misses you.
Things that are here:
a +0 great sword; a +0 robe; a scroll of blinking {!r} The death yak bellows!
You hit the wight.
The wight convulses.
You grab the wight.
You flicker for a moment.
You constrict the wight. You hit the wight.
The wight convulses.
You destroy the wight!
A gnoll sergeant comes into view. It is wielding a +2 spear of freezing.
The wight hits you with a +1 trident.
You take 1 damage, and have 52/63 hp.
The hell rat roars deafeningly!
You hit the wight.
The wight convulses.
You grab the wight. You squeeze the wight!
You destroy the wight!
A gnoll comes into view. It is wielding a +0 club.
A gnoll comes into view. It is wielding a +0 club. x2
Things that are here:
a +1 trident; a +0 robe The death yak bellows!
A gnoll comes into view. It is wielding a +0 flail.
The gnoll hits you but does no damage.
The death yak bellows! x2; The hell rat roars deafeningly!
You puncture the gnoll! You grab the gnoll. You squeeze the gnoll.
You kill the gnoll!
The gnoll shouts!
A rat comes into view.
The rat barely misses you.
You see here a +0 club.
You barely miss the rat.
The death yak bellows!
The hell rat roars deafeningly!
You grab the rat.
You flicker back into view.
You constrict the rat.
You kill the rat!
The death yak bellows!
The hell rat roars deafeningly!
You regained 2 hp, and now have 59/63 hp.
Things that are here:
a +1 trident; a +0 robe
Things that are here:
a +0 great sword; a +0 robe; a scroll of blinking {!r}
Things that are here:
a +0 giant spiked club; a +0 giant spiked club; a two-headed ogre corpse Health restored: 63 Your +1 dagger of holy wrath stops glowing.
Your +3 short sword of freezing glows with a cold blue light!
a - a +3 short sword of freezing (weapon)
You hit the death yak but do no damage. You puncture the death yak!
You freeze the death yak. You squeeze the death yak! The death yak gores you!
You take 8 damage, and have 55/63 hp.
You hit the death yak. You freeze the death yak. You squeeze the death yak.
You kill the death yak!
You have reached level 11!
You regained 4 hp, and now have 59/67 hp.
MP restored: 17
Aim: a death yak (chance to affect: 1%)
Okay, then.
Aim: a death yak (chance to affect: 6%)
Okay, then.
Aim: a death yak (89% to hit)
The puff of flame hits the death yak.
You puncture the death yak! You freeze the death yak.
You squeeze the death yak, but do no damage.
You hit the death yak. You freeze the death yak. The death yak gores you!
You take 10 damage, and have 51/67 hp.
You hit the death yak. You freeze the death yak.
Your squeeze misses the death yak. The death yak gores you!!
You take 17 damage, and have 34/67 hp.
MASSIVE DAMAGE!!
You hit the death yak but do no damage. You hit the death yak.
You freeze the death yak. The death yak gores you!
You take 8 damage, and have 26/67 hp.
Unknown command.
As you read the scroll of fear, it crumbles to dust.
You assume a fearsome visage.
The death yak looks frightened!
The death yak resists with almost no effort.
The hell rat looks frightened!
The gnoll looks frightened! x2
The wight is unaffected.
The death yak gores you!
* * * LOW HITPOINT WARNING * * *
You take 16 damage, and have 11/67 hp.
MASSIVE DAMAGE!!
As you read the scroll of teleportation {@r3}, it crumbles to dust.
You feel strangely unstable. The death yak barely misses you.
The death yak attacks as you move away!
The death yak gores you but does no damage.
You regained 2 hp, and now have 15/67 hp.
The death yak attacks as you move away! The death yak gores you!
You die...

#<#......# ≈
#.########≈♣ .♣
#.# ###≈♣♣..♣ #.#
#.'...((W
##.######.'..S...
#.........#≈♣♣.D♣
##.######## ♣
#..>.....#
#@######## #Y#
#.# #z# #g#
#g##### #.g...#
##)...####..#
#)).........


You could see a death yak, a gnoll sergeant, a wight and 2 gnolls.

Vanquished Creatures
  A two-headed ogre (D:9)
  A death yak (D:9)
  Joseph (D:9)
  Maggie (D:7)
  A gargoyle (Bailey)
  A kobold demonologist (D:8)
  A shadow (D:6)
  A vampire (Bailey)
  Eustachio (D:5)
  A water moccasin (D:6)
  2 orc warriors
  3 ice beasts
  2 sky beasts (D:7)
  4 black bears
  A phantom (D:6)
  A kobold brigand (D:4)
  2 gnoll sergeants
  A necrophage (D:6)
  A bullfrog (D:8)
  6 wights
  9 killer bees
  9 vampire bats (Bailey)
  A howler monkey (D:8)
  8 wolf zombies (Bailey)
  3 hounds
  2 jellies
  5 orc priests
  6 iguanas
  An iron imp (D:3)
  Natasha (thrice) (D:4 Temple)
  6 orc wizards
  11 mummies (Ossuary)
  10 gnolls
  10 adders
  4 white imps
  3 worms
  8 dart slugs
  25 orcs
  10 ball pythons
  6 bats
  8 endoplasms
  2 giant cockroaches
  6 goblins
  8 hobgoblins
  13 jackals
  6 quokkas
  3 frilled lizards
  2 gnoll skeletons (Ossuary)
  3 goblin skeletons (Ossuary)
  4 kobolds
  3 orc skeletons (Ossuary)
  24 orc zombies (Bailey)
  9 rats
  11 rat skeletons (Ossuary)
  A spectral hobgoblin (D:2)
276 creatures vanquished.

Notes
Turn   | Place    | Note
-------+----------+-------------------------------------------
     0 | D:1      | sokol815 the Octopode Fighter began the quest for the Orb.
     0 | D:1      | Reached XP level 1. HP: 16/16 MP: 1/1
   162 | D:1      | Reached XP level 2. HP: 21/21 MP: 2/2
   234 | D:1      | Reached skill level 1 in Spellcasting
   312 | D:1      | Reached skill level 3 in Axes
   312 | D:1      | Reached XP level 3. HP: 26/26 MP: 4/4
   544 | D:1      | Reached skill level 1 in Stealth
   857 | D:2      | Reached XP level 4. HP: 31/31 MP: 6/6
   884 | D:2      | Reached skill level 2 in Stealth
  1187 | D:2      | Noticed Terence
  1226 | D:2      | Reached skill level 1 in Short Blades
  1343 | D:2      | Found Buiwel's Antique Weapon Boutique.
  1721 | D:2      | Reached skill level 3 in Stealth
  1822 | D:2      | Found a faded altar of an unknown god.
  2200 | D:3      | Reached skill level 2 in Spellcasting
  2436 | D:3      | Reached XP level 5. HP: 36/36 MP: 8/8
  2442 | D:3      | Learned a level 5 spell: Irradiate
  2875 | D:3      | Found a snail-covered altar of Cheibriados.
  2884 | D:3      | Reached skill level 4 in Stealth
  3072 | D:4      | Noticed Natasha
  3080 | D:4      | Killed Natasha
  3081 | D:4      | Reached skill level 1 in Conjurations
  3081 | D:4      | Reached skill level 1 in Transmutations
  3090 | D:4      | Learned a level 3 spell: Stone Arrow
  3139 | D:4      | Reached XP level 6. HP: 42/42 MP: 9/9
  3244 | D:4      | Noticed Natasha
  3248 | D:4      | Found a staircase to the Ecumenical Temple.
  3257 | Temple   | Entered the Ecumenical Temple
  3260 | Temple   | Killed Natasha
  3261 | Temple   | Reached skill level 2 in Short Blades
  3294 | Temple   | Noticed Natasha
  3305 | Temple   | Killed Natasha
  3478 | D:4      | Reached skill level 5 in Stealth
  3662 | D:4      | Found Funiuh's General Store.
  3774 | D:5      | Entered Level 5 of the Dungeon
  3835 | D:5      | Noticed Eustachio
  3839 | D:5      | Killed Eustachio
  3840 | D:5      | Reached skill level 2 in Conjurations
  3840 | D:5      | Reached skill level 2 in Transmutations
  3840 | D:5      | Reached XP level 7. HP: 39/46 MP: 11/11
  3888 | D:5      | Reached skill level 6 in Stealth
  3929 | D:5      | Found a sand-covered staircase.
  3991 | Ossuary  | Entered an ossuary
  4041 | Ossuary  | Reached skill level 3 in Spellcasting
  4285 | Ossuary  | HP: 10/46 [mummy (14)]
  4881 | D:5      | Reached skill level 3 in Short Blades
  4917 | D:5      | Reached XP level 8. HP: 26/52 MP: 12/12
  5099 | D:5      | Reached skill level 7 in Stealth
  5467 | D:4      | HP: 13/52 [gnoll/+0 spear[a gnoll sergeant] (8)]
  5790 | D:6      | Reached skill level 3 in Transmutations
  5826 | D:5      | Reached skill level 3 in Conjurations
  5999 | D:6      | Found a hazy altar of Hepliaklqana.
  6018 | D:6      | Reached skill level 8 in Stealth
  6270 | D:6      | Found a glowing silver altar of Zin.
  6272 | D:6      | Reached skill level 4 in Spellcasting
  6297 | D:6      | Reached skill level 4 in Short Blades
  6451 | D:6      | Reached skill level 4 in Conjurations
  6451 | D:6      | Reached skill level 4 in Transmutations
  6824 | D:6      | Reached XP level 9. HP: 35/56 MP: 15/15
  7149 | D:6      | HP: 11/56 [shadow (9)]
  7452 | D:5      | Reached skill level 5 in Short Blades
  7752 | D:7      | Found a burning altar of Makhleb.
  7802 | D:7      | Reached skill level 5 in Conjurations
  7802 | D:7      | Reached skill level 5 in Transmutations
  7817 | D:7      | HP: 14/56 [black bear (3)]
  8355 | D:7      | Noticed Maggie
  8358 | D:7      | HP: 14/56 [orc priest/+0 flail (8)]
  8360 | D:7      | HP: 3/56 [orc priest/+0 flail (9)]
  8603 | D:7      | Identified a scroll of acquirement
  8603 | D:7      | Acquired the ring of Xetar {Contam rElec rC+ Str+6}
  8638 | D:7      | Found Wutsozih's Jewellery Boutique.
  8669 | D:7      | Acquired 1054 gold pieces
  8671 | D:7      | Bought an amulet of regeneration for 420 gold pieces
  8671 | D:7      | Bought a +4 ring of protection for 504 gold pieces
  8735 | D:7      | HP: 14/56 [Maggie/+1 glaive of flaming (4)]
  8736 | D:7      | HP: 3/56 [Maggie/+1 glaive of flaming (12)]
  8739 | D:7      | Killed Maggie
  8740 | D:7      | Reached skill level 6 in Short Blades
  8873 | D:7      | Reached skill level 6 in Conjurations
  8873 | D:7      | Reached skill level 6 in Transmutations
  9082 | D:8      | Found a flagged portal.
  9111 | Bailey   | Entered a bailey
  9171 | Bailey   | Reached XP level 10. HP: 58/63 MP: 16/16
  9360 | Bailey   | Noticed a gargoyle
  9366 | Bailey   | Killed a gargoyle
  9367 | Bailey   | Reached skill level 9 in Stealth
  9386 | Bailey   | Reached skill level 7 in Short Blades
  9694 | D:8      | Found Qiregaet's Distillery.
  9936 | D:8      | Reached skill level 7 in Conjurations
  9936 | D:8      | Reached skill level 7 in Transmutations
 10044 | D:8      | Noticed a kobold demonologist
 10051 | D:8      | Killed a kobold demonologist
 10073 | D:8      | Reached skill level 10 in Stealth
 10536 | D:9      | Noticed Joseph
 10541 | D:9      | HP: 15/63 [Joseph/+0 quarterstaff (12)]
 10548 | D:9      | Killed Joseph
 10679 | D:9      | Noticed a two-headed ogre
 10679 | D:9      | Noticed a death yak
 10679 | D:9      | Noticed a death yak
 10680 | D:9      | Found a staircase to the Lair.
 10680 | D:9      | Noticed a death yak
 10693 | D:9      | Killed a two-headed ogre
 10706 | D:9      | Reached skill level 11 in Stealth
 10725 | D:9      | Killed a death yak
 10726 | D:9      | Reached XP level 11. HP: 59/67 MP: 17/17
 10733 | D:9      | HP: 11/67 [death yak (17)]
 10737 | D:9      | Slain by a death yak

Illustrated notes

Levels and vault maps discovered:
D:1:      amcnicky_arrival_wind_blow, layout_basic
D:2:      layout_loops_corners, dreamdust_ecumenical_altar_drowned_temple,
          serial_shops, shop, chequers_serial_rivers_large_a,
          minmay_tetromino_i4, uniq_terence
D:3:      layout_loops_cross, chei_slow_surprise, minmay_crystal_water
D:4:      layout_basic, minmay_temple_entry_mini_moons, serial_shops,
          nicolae_lakefront_shop, uniq_natasha
D:5:      layout_basic, nicolae_ossuary_entry_plus, palyth_stone_intersect,
          minmay_bent, uniq_eustachio
D:6:      layout_basic, mainiacjoe_overflow_catch_the_wave, minmay_small_thing
D:7:      layout_loops_cross, bloody_makhleb, serial_shops, nicolae_square_shop,
          lightli_orcish_oven, uniq_maggie
D:8:      layout_basic, enter_bailey_7, serial_shops, shop,
          nicolae_kite_square_tiling_tiny
D:9:      corexii_shack_village, layout_loops_ring, kennysheep_orc_sif_temple,
          dpeg_lair_monsters, kennysheep_generic_room_5, uniq_pikel, uniq_erica,
          uniq_joseph
Temple:   nicolae_temple_bog_church

Skill      XL: |  1  2  3  4  5  6  7  8  9 10 |
---------------+-------------------------------+-----
Spellcasting   | 1 2 3 4 |  4.0
Axes           | 3 |  3.1
Stealth        | 1 3 4 5 6 8 11 | 11.5
Short Blades   | 1 2 3 4 6 7 |  7.8
Conjurations   | 1 2 4 6 7 |  7.7
Transmutations | 1 2 4 6 7 |  7.7
Fighting       | |  3.0
Dodging        | |  3.0
Shields        | |  3.0

Action                   |  1- 3 |  4- 6 |  7- 9 | 10-12 || total
-------------------------+-------+-------+-------+-------++-------
Melee: War axe           |    30 |       |       |       ||    30
       Tentacles         |     9 |    26 |   102 |    66 ||   203
       Constrict         |    12 |    34 |    67 |    44 ||   157
       Dagger            |    25 |   126 |   331 |   107 ||   589
       Punch             |       |     3 |    10 |     3 ||    16
       Short sword       |       |       |    40 |    87 ||   127
Throw: Stone             |     6 |     6 |       |       ||    12
Evoke: Wand              |       |       |     8 |     2 ||    10
  Use: Scroll            |     5 |     6 |    13 |     3 ||    27
       Potion            |       |       |     6 |     3 ||     9
 Stab: Sleeping          |    14 |    14 |    18 |    16 ||    62
       Distracted        |       |     1 |     1 |       ||     2
       Invisible         |       |       |       |     1 ||     1
       Paralysed         |       |       |       |     1 ||     1
Armor: Skin              |     4 |     4 |    17 |    24 ||    49
Dodge: Dodged            |    34 |    50 |   162 |    89 ||   335
Block: Buckler           |    12 |    27 |    60 |    28 ||   127

Table legend: (Time is in decaauts)
 A = Elapsed time spent in this place.
 B = Non-inter-level travel time spent in this place.
 C = Inter-level travel time spent in this place.
 D = Time resting spent in this place.
 E = Time spent auto-exploring this place.
 F = Levels seen in this place.
 G = Mean time per level.
                   A        B        C        D        E       F      G
               +--------+--------+--------+--------+--------+-----+--------+
         Total |  10633 |  10121 |    512 |   1935 |   6157 |  12 |  886.1 |
       Dungeon |   9502 |   9008 |    494 |   1695 |   5674 |   9 | 1055.8 |
        Temple |    205 |    187 |     18 |     34 |    129 |   1 |  205.0 |
       Ossuary |    496 |    496 |      0 |    173 |    183 |   1 |  496.0 |
        Bailey |    429 |    429 |      0 |     33 |    171 |   1 |  429.0 |
               +--------+--------+--------+--------+--------+-----+--------+

Top non-repeatable levels by time:
     D:6: 1917 daAuts
     D:5: 1519 daAuts
     D:2: 1370 daAuts
     D:7: 1109 daAuts
     D:8: 954 daAuts
     D:3: 917 daAuts
     D:1: 824 daAuts
     D:4: 688 daAuts
 Ossuary: 496 daAuts
  Bailey: 429 daAuts
  Temple: 205 daAuts
     D:9: 199 daAuts

Table legend:
 A = Kills in this place as a percentage of kills in entire the game.
 B = Kills by you in this place as a percentage of kills by you in the entire game.
 C = Kills by friends in this place as a percentage of kills by friends in the entire game.
 D = Other kills in this place as a percentage of other kills in the entire game.
 E = Experience gained in this place as a percentage of experience gained in the entire game.
 F = Experience gained in this place divided by the number of levels of this place that you have seen.
                   A       B       C       D       E      F
               +-------+-------+-------+-------+-------+----------------------
         Total | 100.0 | 100.0 |   N/A |   N/A | 100.0 | 828.5
       Dungeon |  72.8 |  72.8 |   N/A |   N/A |  80.1 | 884.3
        Temple |   0.7 |   0.7 |   N/A |   N/A |   0.7 |  70.0
       Ossuary |  10.9 |  10.9 |   N/A |   N/A |   2.2 | 217.0
        Bailey |  15.6 |  15.6 |   N/A |   N/A |  17.1 | 1696.0
               +-------+-------+-------+-------+-------+----------------------
